 Dungeon Crawl Stone Soup version 0.31-a0-473-g61b50ae490 (webtiles) character file.

Game seed: 1228254526027183997

109 CraigForest the Shooter (level 5, -10/40 HPs)
             Began as a Formicid Hunter on Aug 6, 2023.
             Killed by divine providence
             ... invoked by an orc priest
              (13 damage)
             ... on level 3 of the Dungeon.
             The game lasted 00:06:38 (1472 turns).

CraigForest the Shooter (Formicid Hunter)           Turns: 1472, Time: 00:06:38

Health: -10/40     AC:  6    Str: 16    XL:     5   Next: 13%
Magic:  5/5        EV: 11    Int:  8    God:
Gold:   114        SH:  0    Dex: 19    Spells: 4/4 levels left

rFire   . . .        a - +0 shortbow
rCold   . . .        (no shield)
rNeg    . . .        k - +0 ring mail
rPois   .            (helmet unavailable)
rElec   .            (no cloak)
rCorr   .            (no gloves)
SInv    +            w - +0 pair of boots
Will    .....        (no amulet)
Stlth   ++           (no ring)
HPRegen 0.26/turn    (no ring)
MPRegen 0.09/turn

%: no passive effects
@: no status effects
A: permanent stasis, dig shafts and tunnels, antennae 3, four strong arms
a: Dig, Shaft Self


You were on level 3 of the Dungeon.
You visited 1 branch of the dungeon, and saw 3 of its levels.

You collected 114 gold pieces.

Inventory:

Hand Weapons
 a - a +0 shortbow (weapon)
 f - a +2 dagger of venom
 h - a +1 short sword of electrocution
 q - a +1 war axe of venom
 u - a +0 long sword
Missiles
 e - 2 datura-tipped darts
 v - 2 boomerangs
Armour
 c - a +0 leather armour
 k - a +0 ring mail (worn)
 w - a +0 pair of boots (worn)
Wands
 l - a wand of paralysis (7)
Scrolls
 b - a scroll of butterflies
 d - 2 scrolls of fear {unknown}
 i - 3 scrolls of teleportation
 m - a scroll of enchant armour {unknown}
 n - a scroll of immolation {unknown}
 o - a scroll of identify {unknown}
 r - 2 scrolls of poison {unknown}
 s - a scroll of noise {unknown}
Potions
 g - a potion of might {unknown}
 j - 2 potions of berserk rage {unknown}
 p - a potion of curing {unknown}
 t - a potion of lignification {unknown}


   Skills:
 + Level 2.9 Fighting
 + Level 5.6 Ranged Weapons
 + Level 0.2 Armour
 + Level 1.8 Dodging
 + Level 1.8 Stealth


You had 4 spell levels left.
You didn't know any spells.
Your spell library contained the following spells:

 Spells                   Type           Power      Damage    Failure   Level
 Lesser Beckoning         Tloc           0%         N/A       77%         2
 Gell's Gravitas          Tloc           0%         N/A       94%         3
 Teleport Other           Tloc           0%         N/A       94%         3


Dungeon Overview and Level Annotations

Branches:
Dungeon (3/15)

Altars:
Xom

Shops:
D:1 =


Innate Abilities, Weirdness & Mutations

You cannot be hasted, slowed, berserked, paralysed or teleported.
You can dig through walls and to a lower floor.
You have a pair of large antennae on your head. (SInv)
Your four strong arms can wield two-handed weapons with a shield.


Message History

You kill the orc!
The orc priest hits you from afar with a +0 trident.
Fire: a) +0 shortbow
Press: ? - help, Q - select action, (/) - cycle Shift-Dir - straight line, f/p - orc priest
Aim: an orc priest, wielding a +0 trident (64% to hit)
You shoot an arrow. The arrow barely misses the orc priest.
The arrow barely misses the orc.
The orc priest closely misses you.
The orc priest hits you with a +0 trident.
Things that are here:
a +1 heavy hand axe; a +0 club; a yellow potion You shoot an arrow.
The arrow hits the orc priest.
The orc priest is moderately wounded.
The orc priest closely misses you.
The orc priest hits you but does no damage.
Fire: a) +0 shortbow
Press: ? - help, Q - select action, (/) - cycle Shift-Dir - straight line, f - orc, p - orc priest
Aim: an orc, wielding a +0 club (64% to hit)
You shoot an arrow. The arrow barely misses the orc priest.
The arrow hits the orc!
You kill the orc!
The orc priest calls down the wrath of Beogh upon you.
Beogh smites you!
* * * LOW HITPOINT WARNING * * *
Fire: a) +0 shortbow
Press: ? - help, Q - select action, (/) - cycle Shift-Dir - straight line, f - orc priest
Aim: an orc priest, wielding a +0 trident (moderately wounded, 64% to hit)
You shoot an arrow. The arrow hits the orc priest!
The orc priest is almost dead.
The orc priest hits you with a +0 trident!
* * * LOW HITPOINT WARNING * * *
Okay, then.
You shoot an arrow.
The arrow closely misses the orc priest.
The orc priest hits you but does no damage.
You shoot an arrow.
The arrow closely misses the orc priest.
The orc priest invokes the aid of Beogh against you.
Beogh smites you!
You die...

##################
##........<........
#.@###############.
#.#o...... #. #.
)...... .. #. #.
....... ..#####. #>
....... ........ #.
....... ..#..... #.
#####.. ........ #.
.. ........
........


You could see an orc priest.

Vanquished Creatures
  3 adders (D:2)
  2 worms (D:2)
  3 orcs (D:3)
  9 bats
  5 endoplasms
  5 giant cockroaches
  9 goblins
  2 hobgoblins (D:1)
  7 jackals (D:1)
  2 quokkas (D:2)
  4 ball pythons
  6 kobolds
  7 rats
64 creatures vanquished.

Notes
Turn   | Place    | Note
-------+----------+-------------------------------------------
     0 | D:1      | CraigForest the Formicid Hunter began the quest for the
                  | Orb.
     0 | D:1      | Reached XP level 1. HP: 16/16 MP: 1/1
    34 | D:1      | Reached XP level 2. HP: 22/22 MP: 2/2
   182 | D:1      | Reached XP level 3. HP: 28/28 MP: 3/3
   388 | D:1      | Found Hesuph's Jewellery Shop.
   541 | D:2      | Reached skill level 5 in Ranged Weapons
   648 | D:2      | Found a shimmering altar of Xom.
   738 | D:2      | Reached XP level 4. HP: 34/34 MP: 4/4
  1296 | D:3      | Reached XP level 5. HP: 40/40 MP: 5/5
  1472 | D:3      | Killed from afar by an orc priest

Illustrated notes

Levels and vault maps discovered:
D:1:      nicolae_arrival_washed_ashore, layout_rooms, serial_shops,
          nicolae_shop_tiny_real_fake_doors
D:2:      layout_basic, basic_altar, nicolae_kite_square_tiling_tiny,
          kennysheep_another_room, serial_bayou_lagoon_a
D:3:      layout_basic

Skill      XL: |  1  2  3 |
---------------+----------+-----
Ranged Weapons | 5 |  5.6
Fighting       | |  2.9
Armour         | |  0.2
Dodging        | |  1.8
Stealth        | |  1.8

Action                     |  1- 3 |  4- 6 || total
---------------------------+-------+-------++-------
   Fire: Shortbow          |    76 |    78 ||   154
    Use: Scroll            |       |     1 ||     1
 Armour: Leather armour    |     2 |       ||     2
         Ring mail         |     1 |    16 ||    17
  Dodge: Dodged            |    15 |    18 ||    33

Table legend: (Time is in decaauts)
 A = Elapsed time spent in this place.
 B = Non-inter-level travel time spent in this place.
 C = Inter-level travel time spent in this place.
 D = Time resting spent in this place.
 E = Time spent auto-exploring this place.
 F = Levels seen in this place.
 G = Mean time per level.
                   A        B        C        D        E       F      G
               +--------+--------+--------+--------+--------+-----+--------+
         Total |   1508 |   1426 |     82 |      0 |   1022 |   3 |  502.7 |
       Dungeon |   1508 |   1426 |     82 |      0 |   1022 |   3 |  502.7 |
               +--------+--------+--------+--------+--------+-----+--------+

Top non-repeatable levels by time:
     D:2: 700 daAuts
     D:1: 537 daAuts
     D:3: 270 daAuts
